cohdb
Replays
Latest Replays
All Replays
Popular Replays
Top Player Replays
Match Explorer
How It Works
Community
CoH3 Stats
Reddit
Sign in to upload your games and track your stats! →
Sign in with Steam
Match 41377376
Unlisted
Match 41377376
Overview
Messages
Build Orders
End
Panzergrenadier Squad
Selects Battlefield Espionage Battlegroup
250 Light Carrier
Panzergrenadier Squad
Construct Light Support Kompanie
MG34 Team
Selects Sector Subterfuge Beacon
Selects Transfer Depots
Construct Mechanized Kompanie
8 Rad Armored Car
Selects 250/3 Funkpanzerwagen
Panzerjäger Mechanized Group
WadoVice
bLacK h4wk d0wN
0
0
Comments
sign in to comment!
No comments posted yet!